 Dungeon Crawl Stone Soup version 0.17.1-3-g152610e (webtiles) character file.

12913 Miyamura the Thaumaturge (level 11, 0/99 HPs)
             Began as a Deep Elf Air Elementalist on Apr 4, 2016.
             Was an Elder of Vehumet.
             Succumbed to a queen ant's poison
             ... on level 1 of the Lair of Beasts on Apr 23, 2016.
             The game lasted 01:05:02 (17109 turns).

Miyamura the Thaumaturge (DEAE)                    Turns: 17109, Time: 01:05:02

Health: 0/99       AC: 25    Str:  5    XL:     11   Next: 68%
Magic:  11/27      EV:  2    Int: 22    God:    Vehumet [****..]
Gold:   439        SH:  0    Dex: 20    Spells: 9 memorised, 4 levels left

rFire  . . .     SeeInvis .     k - +0 rod of destruction (3/10)
rCold  . . .     Clarity  .     (armour currently unavailable)
rNeg   + + +     SustAt   .     (no shield)
rPois  +         Gourm    .     (helmet currently unavailable)
rElec  .         Spirit   .     (cloak currently unavailable)
rCorr  .         Warding  .     (gloves currently unavailable)
rMut   .         NoTele   +     (boots currently unavailable)
MR     ++...                    (no amulet)
Stlth  +++++.....               b - ring of wizardry
                                v - ring of protection from magic

@: agile, lethally poisoned (0 -> -27), tree-form, repel missiles, very
resistant to hostile enchantments, quite stealthy
A: rugged brown scales 1, mutation resistance 1, spit poison 1, weak 1,
MP-powered wands
a: Spit Poison, Renounce Religion


You were on level 1 of the Lair of Beasts.
You worshipped Vehumet.
Vehumet was greatly pleased with you.
You were hungry.
You were a tree.
You visited 4 branches of the dungeon, and saw 14 of its levels.

You collected 806 gold pieces.
You spent 367 gold pieces at shops.

Inventory:

Hand Weapons
 e - a +0 dagger
Armour
 j - a +0 cloak (melded)
 p - a +0 pair of gloves (melded)
 s - a +1 leather armour of cold resistance
 B - a +0 mottled dragon armour (melded)
 F - a +2 pair of boots (melded)
 K - a +2 hat (melded)
Rods
 k - a +0 rod of destruction (3/10) (weapon)
   (You found it on level 2 of the Dungeon)
Jewellery
 b - a ring of wizardry (right branch)
 l - an uncursed ring of sustain attributes
 m - an uncursed ring of fire
 n - an uncursed ring of teleportation
 v - a ring of protection from magic (left branch)
 I - an uncursed ring of protection from cold
Wands
 d - a wand of confusion (1)
 i - a wand of enslavement (5)
 r - a wand of teleportation (2)
 t - a wand of random effects (4)
 D - a wand of polymorph (2)
 H - a wand of fire (0)
Scrolls
 g - a scroll of amnesia
 w - 3 scrolls of enchant weapon
 A - a scroll of fog
 C - 3 scrolls of remove curse
Potions
 E - a potion of might
 G - a potion of agility
Books
 x - a book of Minor Magic

   Spells                             Type                      Level
   a - Magic Dart                     Conjuration                  1
   b - Blink                          Translocation                2
   c - Call Imp                       Summoning                    2
   d - Repel Missiles                 Charms/Air                   2
   e - Slow                           Hexes                        2
   f - Conjure Flame                  Conjuration/Fire             3
   g - Mephitic Cloud                 Conjuration/Poison/Air       3
Miscellaneous
 y - a fan of gales (inert)
Comestibles
 a - 3 beef jerkies
 c - 9 bread rations
 f - 2 meat rations
 q - 9 chunks of flesh
 u - a royal jelly
 z - 7 slices of pizza


   Skills:
 + Level 6.3 Fighting
 + Level 9.0 Dodging
 - Level 4.2 Stealth
 + Level 10.8 Spellcasting
 + Level 8.3 Conjurations
 - Level 2.5 Hexes
 + Level 4.3 Fire Magic
 - Level 7.1 Air Magic
 + Level 8.1 Evocations


You had 4 spell levels left.
You knew the following spells:

 Your Spells              Type           Power        Failure   Level  Hunger
a - Stone Arrow           Conj/Erth      ####..       1%          3    None
b - Blink                 Tloc           N/A          4%          2    None
f - Fireball              Conj/Fire      #####.....   1%          5    ####...
h - Shock                 Conj/Air       ####         1%          1    None
l - Lightning Bolt        Conj/Air       #####.....   1%          5    ####...
m - Mephitic Cloud        Conj/Pois/Air  ####....     1%          3    None
s - Swiftness             Chrm/Air       ####....     1%          2    None
F - Cause Fear            Hex            ###.......   9%          4    #......
R - Repel Missiles        Chrm/Air       ####..       1%          2    None


Dungeon Overview and Level Annotations

Branches:
Dungeon (10/15)            Temple (1/1) D:7            Lair (1/8) D:8
    Orc (2/4) D:9

Altars:
Ashenzari
Cheibriados
Dithmenos
Elyvilon
Fedhas
Gozag
Kikubaaqudgha
Makhleb
Nemelex Xobeh
Okawaru
Qazlal
Ru
Sif Muna
Trog
Vehumet
Xom
Yredelemnul
Zin
The Shining One

Shops:
D:8 *   D:9 [

Annotations:
D:5 Sl000nik's ghost, novice GrFi
D:6 ThereIsNoGod's ghost, novice DgFi


Innate Abilities, Weirdness & Mutations

(You are partially covered in rugged brown scales (AC +1, +3% HP).)
You are somewhat resistant to further mutation.
You can spit weak poison.
You are weak. (Str -2)
You expend magic power (3 MP) to strengthen your wands.


Message History

There is a lethal amount of poison in your body!
* * * LOW HITPOINT WARNING * * *
You feel very sick.
* * * LOW HITPOINT WARNING * * *
You feel very sick.
* * * LOW HITPOINT WARNING * * *
You feel very sick.
* * * LOW HITPOINT WARNING * * *
You feel very sick.
* * * LOW HITPOINT WARNING * * *
You feel very sick.
* * * LOW HITPOINT WARNING * * *
You feel very sick.
* * * LOW HITPOINT WARNING * * *
You feel very sick.
* * * LOW HITPOINT WARNING * * *
You feel very sick.
* * * LOW HITPOINT WARNING * * *
You feel very sick.
You die...

### # ##.##.#
##.%...#
###.†#'''#
###...##...#
#...###.a#..#
##.## a###...
###### ##♣.# ..
....
#.##P#######..##
.a .a## #
##...........##
.#. #.. #
#..........## #
#..........#
#...######## #
#...# ## #...#
##. #...## #..


There were no monsters in sight!

Vanquished Creatures
  A hydra (Lair:1)
  A queen ant (Lair:1)
  A black mamba (Lair:1)
  Joseph (D:7)
  A gargoyle (D:9)
  A spiny frog (Lair:1)
  3 komodo dragons (Lair:1)
  A troll (Orc:2)
  Prince Ribbit (D:8)
  Sigmund (D:3)
  11 yaks
  A deep elf fighter (D:8)
  A human (D:7)
  A fire bat (Lair:1)
  A golden eye (D:8)
  A hungry ghost (D:7)
  2 sky beasts
  3 soldier ants (Lair:1)
  3 porcupines (Lair:1)
  A water moccasin (Lair:1)
  A black bear (D:7)
  2 phantoms
  A necrophage (D:8)
  5 ice beasts
  5 ogres
  An orc warrior (D:9)
  A centaur (D:6)
  9 giant frogs
  2 crocodiles (Lair:1)
  2 wyvern skeletons
  7 scorpions
  8 wights (D:7)
  7 killer bees
  A centaur zombie (D:7)
  7 crimson imps
  5 hounds
  A giant frog skeleton (D:7)
  3 jellies
  7 orc wizards
  4 orc priests
  2 centaur skeletons
  23 worker ants
  2 quasits
  Natasha (thrice) (D:2)
  4 iguanas
  4 sheep (D:7)
  A hound skeleton (D:5)
  5 hound zombies
  A worker ant zombie (D:6)
  Robin (D:3)
  11 adders
  3 river rats (D:8)
  A shadow imp (D:7)
  An ooze (D:1)
  An adder zombie (D:7)
  4 worms
  3 adder skeletons
  9 giant geckos
  42 orcs
  A ball python (D:7)
  8 giant cockroaches
  13 goblins
  11 hobgoblins
  9 kobolds
  2 quokkas
  17 bats
  A giant gecko skeleton (D:4)
  A giant newt (D:1)
  A goblin skeleton (D:7)
  A goblin zombie (D:7)
  2 hobgoblin zombies (D:7)
  2 jackal skeletons
  A kobold skeleton (D:7)
  An orc skeleton (D:7)
  An orc zombie (D:7)
  A quokka skeleton (D:6)
  A quokka zombie (D:6)
  11 rats
  A fungus (D:8)
  A plant (D:8)
324 creatures vanquished.

Vanquished Creatures (collateral kills)
  An orc warrior (Orc:2)
1 creature vanquished.

Vanquished Creatures (others)
  2 yaks
  A water moccasin (D:7)
  10 fungi
13 creatures vanquished.

Grand Total: 338 creatures vanquished

Notes
Turn   | Place    | Note
--------------------------------------------------------------
     0 | D:1      | Miyamura the Deep Elf Air Elementalist began the quest for the Orb.
     0 | D:1      | Reached XP level 1. HP: 10/10 MP: 6/6
   427 | D:1      | Reached XP level 2. HP: 15/15 MP: 2/8
   792 | D:1      | Learned a level 2 spell: Repel Missiles
   813 | D:1      | Learned a level 2 spell: Swiftness
  1248 | D:2      | Identified a +0 rod of destruction (10/10) (You found it on level 2 of the Dungeon)
  1375 | D:2      | Reached XP level 3. HP: 20/20 MP: 2/9
  1461 | D:2      | Reached skill level 1 in Fighting
  1586 | D:2      | Noticed Natasha
  1651 | D:2      | Killed Natasha
  1651 | D:2      | Reached XP level 4. HP: 25/25 MP: 6/11
  1657 | D:2      | Noticed Natasha
  1663 | D:2      | Killed Natasha
  1968 | D:2      | Noticed Natasha
  1970 | D:2      | Killed Natasha
  2101 | D:2      | Found a glowing silver altar of Zin.
  2115 | D:2      | Found a white marble altar of Elyvilon.
  2495 | D:3      | Noticed Sigmund
  2693 | D:3      | Killed Sigmund
  2693 | D:3      | Reached skill level 4 in Stealth
  2693 | D:3      | Reached skill level 1 in Evocations
  2693 | D:3      | Reached XP level 5. HP: 23/30 MP: 11/13
  2693 | D:3      | Reached XP level 6. HP: 26/35 MP: 11/14
  2796 | D:3      | Noticed Robin
  2888 | D:3      | Killed Robin
  3664 | D:4      | Found an iron altar of Okawaru.
  4132 | D:5      | Entered Level 5 of the Dungeon
  4247 | D:5      | Got a shimmering ring mail
  4350 | D:5      | Identified the +1 ring mail "Trusted Companion" {Int+3} (You found it on level 5 of the Dungeon)
  4404 | D:5      | Noticed Sl000nik's ghost (novice GrFi)
  4758 | D:5      | Reached XP level 7. HP: 40/40 MP: 9/16
  4843 | D:5      | Reached skill level 5 in Spellcasting
  4943 | D:5      | Gained mutation: You can spit weak poison. [potion of beneficial mutation]
  4944 | D:5      | Gained mutation: You are partially covered in rugged brown scales (AC +1, +3% HP). [potion of beneficial mutation]
  5874 | D:5      | Found a sacrificial altar of Ru.
  6493 | D:6      | Noticed ThereIsNoGod's ghost (novice DgFi)
  6674 | D:6      | Reached XP level 8. HP: 46/46 MP: 18/18
  6772 | D:6      | Reached skill level 6 in Spellcasting
  7012 | D:6      | Found a shimmering altar of Xom.
  7415 | D:7      | Reached skill level 5 in Dodging
  7415 | D:7      | Reached skill level 5 in Air Magic
  7539 | D:7      | Found a staircase to the Ecumenical Temple.
  7548 | Temple   | Entered the Ecumenical Temple
  7773 | Temple   | Became a worshipper of Vehumet
  7890 | D:7      | Found a glowing golden altar of the Shining One.
  7890 | D:7      | Noticed Joseph
  8223 | D:7      | Gained mutation: You can translocate small distances at will. [mutagenic meat]
  8224 | D:7      | Gained mutation: You are weak. (Str -2) [mutagenic meat]
  8395 | D:7      | Reached skill level 5 in Conjurations
  8476 | D:7      | Reached skill level 7 in Spellcasting
  8493 | D:7      | Learned a level 5 spell: Lightning Bolt
  8616 | D:7      | Reached XP level 9. HP: 46/52 MP: 1/21
  9116 | D:7      | Killed Joseph
  9116 | D:7      | Reached skill level 5 in Evocations
  9385 | D:7      | Reached * piety under Vehumet
  9385 | D:7      | Offered knowledge of Flame Tongue by Vehumet.
  9391 | D:7      | Reached skill level 8 in Spellcasting
 10418 | D:7      | Found a shattered altar of Ashenzari.
 10551 | D:8      | Noticed Prince Ribbit
 10570 | D:8      | Killed Prince Ribbit
 10570 | D:8      | Reached XP level 10. HP: 39/59 MP: 16/24
 10573 | D:8      | Offered knowledge of Magic Dart by Vehumet.
 10808 | D:8      | Found Woaqauka's General Store.
 10816 | D:8      | Bought a scroll of enchant weapon for 105 gold pieces
 10816 | D:8      | Bought a scroll of random uselessness for 14 gold pieces
 10816 | D:8      | Bought a scroll of remove curse for 42 gold pieces
 10816 | D:8      | Bought a potion of heal wounds for 70 gold pieces
 10816 | D:8      | Bought a scroll of identify for 28 gold pieces
 10932 | D:8      | Reached ** piety under Vehumet
 11316 | D:8      | Reached skill level 5 in Fighting
 11427 | D:8      | Found a staircase to the Lair.
 11487 | D:8      | Learned a level 4 spell: Cause Fear
 11688 | D:8      | Found a shadowy altar of Dithmenos.
 11699 | D:8      | Reached skill level 9 in Spellcasting
 12217 | Lair:1   | Entered Level 1 of the Lair of Beasts
 12394 | D:8      | Reached skill level 1 in Hexes
 12400 | D:8      | Offered knowledge of Stone Arrow by Vehumet.
 12409 | D:8      | Learned a level 3 spell: Stone Arrow
 13052 | D:8      | Gained mutation: You expend magic power (3 MP) to strengthen your wands. [mutagenic meat]
 13053 | D:8      | Lost mutation: You can translocate small distances at will. [mutagenic meat]
 13055 | D:8      | Gained mutation: Your flesh is cold resistant. [mutagenic meat]
 13056 | D:8      | Gained mutation: You are somewhat resistant to further mutation. [mutagenic meat]
 13279 | D:9      | Found Dopnihics's Antique Armour Shop.
 13282 | D:9      | Reached *** piety under Vehumet
 13289 | D:9      | Bought a glowing hat for 108 gold pieces
 13465 | D:9      | Found a staircase to the Orcish Mines.
 13493 | D:9      | Learned a level 5 spell: Fireball
 13745 | D:9      | Lost mutation: Your flesh is cold resistant. [potion of mutation]
 13791 | D:9      | Offered knowledge of Olgreb's Toxic Radiance by Vehumet.
 13828 | D:9      | Reached skill level 1 in Fire Magic
 14202 | D:9      | Reached XP level 11. HP: 65/65 MP: 10/26
 14382 | D:9      | Reached skill level 10 in Spellcasting
 14672 | D:10     | Entered Level 10 of the Dungeon
 14679 | Orc:1    | Entered Level 1 of the Orcish Mines
 15145 | Orc:2    | Noticed an orc warlord
 15145 | Orc:2    | Reached **** piety under Vehumet
 15548 | Lair:1   | Noticed a black mamba
 15555 | Lair:1   | Killed a black mamba
 15635 | Lair:1   | Offered knowledge of Mephitic Cloud by Vehumet.
 15921 | Lair:1   | Learned a level 3 spell: Mephitic Cloud
 16140 | Lair:1   | Noticed a four-headed hydra
 16146 | Lair:1   | Killed a four-headed hydra
 16192 | Lair:1   | Learned a level 2 spell: Blink
 17074 | Lair:1   | Noticed a queen ant
 17097 | Lair:1   | Killed a queen ant
 17107 | Lair:1   | HP: 4/99 [poisoned by a queen ant]
 17109 | Lair:1   | Succumbed to a queen ant's poison

Action                   |  1- 3 |  4- 6 |  7- 9 | 10-12 || total
-------------------------+-------+-------+-------+-------++-------
Melee: Dagger            |     6 |       |    15 |    45 ||    66
       Rod               |       |       |       |     1 ||     1
 Cast: Shock             |    69 |   115 |   320 |   229 ||   733
       Repel Missiles    |     1 |       |       |     1 ||     2
       Lightning Bolt    |       |       |     7 |     8 ||    15
       Swiftness         |       |       |     1 |       ||     1
       Stone Arrow       |       |       |       |    82 ||    82
       Fireball          |       |       |       |    17 ||    17
       Mephitic Cloud    |       |       |       |     2 ||     2
       Blink             |       |       |       |     1 ||     1
Evoke: Rod               |     3 |    15 |    23 |    32 ||    73
       Wand              |       |     3 |     8 |    35 ||    46
       Fan of gales      |       |       |       |     1 ||     1
  Use: Scroll            |     1 |     7 |     6 |     9 ||    23
       Potion            |       |       |     9 |     8 ||    17
 Stab: Sleeping          |     2 |       |       |       ||     2
  Eat: Chunk             |     3 |    12 |    16 |    32 ||    63
       Pizza             |       |       |     2 |       ||     2
       Royal jelly       |       |       |     1 |       ||     1
       Beef jerky        |       |       |     2 |       ||     2
       Meat ration       |       |       |     2 |     1 ||     3
